 Dungeon Crawl Stone Soup version 0.29.1-2-gbd0b4ee654 (webtiles) character file.

Game seed: 13250703725362206466

2759 Zeld the Magician (level 9, -2/55 (57) HPs)
             Began as a Demonspawn Conjurer on Oct 28, 2022.
             Was an Initiate of Gozag.
             Slain by a two-headed ogre
             ... wielding a +0 giant club
              (26 damage)
             ... on level 7 of the Dungeon.
             The game lasted 00:10:33 (12916 turns).

Zeld the Magician (Demonspawn Conjurer)            Turns: 12916, Time: 00:10:34

HP:   -2/55 (57)    AC:  7    Str:  9    XL:     9   Next: 41%
MP:   23/29         EV: 13    Int: 23    God:    Gozag
Gold: 515           SH:  0    Dex: 11    Spells: 12/23 levels left

rFire   . . .      SeeInvis .   f - +2 dagger (venom)
rCold   . . .      Faith    .   H - orb {*channel}
rNeg    . . .      Spirit   .   a - +0 robe
rPois   .          Reflect  .   (no helmet)
rElec   .          Harm     .   (no cloak)
rCorr   .          Rampage  .   e - +0 pair of gloves
Will    .....                   p - +0 pair of boots
Stlth   +++.......              (no amulet)
HPRegen 0.18/turn               E - ring of magical power
MPRegen 0.21/turn               (no ring)

@: very slightly contaminated, lightly drained
A: claws 1, yellow scales 2, spiny 1
a: Renounce Religion, Potion Petition, Call Merchant, Bribe Branch


You were on level 7 of the Dungeon.
You worshipped Gozag.
Gozag was pleased with you.
You visited 2 branches of the dungeon, and saw 8 of its levels.

You collected 622 gold pieces.
You paid 107 gold pieces to Gozag.

Inventory:

Hand Weapons
 f - a +2 dagger of venom (weapon)
Armour
 a - a +0 robe (worn)
 e - a +0 pair of gloves (worn)
 p - a +0 pair of boots (worn)
 H - an orb of energy (worn)
Jewellery
 E - a ring of magical power (left hand)
Wands
 m - a wand of roots (21)
 G - a wand of polymorph (9)
Scrolls
 d - 7 scrolls of identify {unknown}
 i - a scroll of torment {unknown}
 j - a scroll of silence {unknown}
 k - 3 scrolls of teleportation {unknown}
 l - a scroll of immolation {unknown}
 n - a scroll of acquirement {unknown}
 o - a scroll of butterflies {unknown}
 r - 2 scrolls of amnesia {unknown}
 u - 2 scrolls of fear {unknown}
 v - a scroll of magic mapping {unknown}
 y - a scroll of poison {unknown}
 A - 3 scrolls of blinking {unknown}
 B - 3 scrolls of enchant armour {unknown}
 D - a scroll of noise {unknown}
Potions
 b - 2 potions of magic
 c - 2 potions of flight {unknown}
 g - 4 potions of curing
 h - 3 potions of haste {unknown}
 q - 2 potions of attraction {unknown}
 s - 2 potions of degeneration {unknown}
 t - a potion of lignification {unknown}
 w - a potion of brilliance {unknown}
 x - 2 potions of heal wounds {unknown}
 z - a potion of invisibility {unknown}
 C - a potion of mutation {unknown}
Miscellaneous
 F - a piece from Xom's chessboard (15/15)


   Skills:
 + Level 5.5 Dodging
 + Level 6.0 Stealth
 * Level 7.8 Spellcasting
 + Level 7.0 Conjurations
 * Level 0.0 Evocations


You had 12 spell levels left.
You knew the following spells:

 Your Spells              Type           Power      Damage    Failure   Level
a - Magic Dart            Conj           100%       1d8       1%          1
b - Searing Ray           Conj           82%        2d7       1%          2
c - Fulminant Prism       Conj/Hex       12%        3d9       17%         4
d - Iskenderun's Mystic   Conj/Tloc      25%        2d7       17%         4

Your spell library contained the following spells:

 Spells                   Type           Power      Damage    Failure   Level
 Dazzling Flash           Conj/Hex       50%        N/A       4%          3
 Summon Small Mammal      Summ           36%        N/A       7%          1
 Call Canine Familiar     Summ           9%         N/A       22%         3
 Summon Guardian Golem    Hex/Summ       9%         N/A       22%         3


Dungeon Overview and Level Annotations

Branches:
Dungeon (7/15)             Temple (1/1) D:4

Altars:
Ashenzari
Cheibriados
Dithmenos
Fedhas
Gozag
Hepliaklqana
Kikubaaqudgha
Makhleb
Nemelex Xobeh
Okawaru
Qazlal
Ru
Sif Muna
Trog
Vehumet
Wu Jian
Xom

Shops:
D:1 (   D:5 (

Annotations:
D:4 2 transporters, Rangus's ghost, amateur OpWn


Innate Abilities, Weirdness & Mutations

You have sharp fingernails.
You are mostly covered in yellow scales. (AC +3)
You are partially covered in sharp spines.


Message History

Press: ? - help, Dir - move target, f - you
Okay, then.
The magic dart hits the two-headed ogre.
The two-headed ogre is lightly wounded.
The two-headed ogre shouts in stereo!
Casting: Magic Dart (safe; 1% risk of failure)
Confirm with . or Enter, or press ? or * to list all spells.
The spell is quite dangerous to miscast (17% risk of failure)!
Continue anyway?
Aiming: Fulminant Prism (quite dangerous; 17% risk of failure)
Press: ? - help, Dir - move target, p - two-headed ogre You conjure a prism of explosive energy!
A fulminant prism comes into view.
Your fulminant prism crackles loudly.
Your fulminant prism explodes!
The blast of energy engulfs the two-headed ogre.
The two-headed ogre is lightly wounded.
Unknown command.
Casting: Fulminant Prism (quite dangerous; 17% risk of failure)
Confirm with . or Enter, or press ? or * to list all spells.
The spell is quite dangerous to miscast (17% risk of failure)!
Continue anyway?
Aiming: Fulminant Prism (quite dangerous; 17% risk of failure)
Press: ? - help, Dir - move target You miscast Fulminant Prism.
You are very lightly contaminated with residual magic.
You feel off-balance for a moment.
You feel yourself slow down.
Casting: Fulminant Prism (quite dangerous; 17% risk of failure)
Confirm with . or Enter, or press ? or * to list all spells.
The spell is quite dangerous to miscast (17% risk of failure)!
Continue anyway?
Aiming: Fulminant Prism (quite dangerous; 17% risk of failure)
Press: ? - help, Dir - move target, f - two-headed ogre
Aim: a two-headed ogre, wielding two +0 giant clubs (lightly wounded)
Okay, then.
You feel yourself speed up.
Items here: ( ))) [.
The two-headed ogre attacks as you move away!
The two-headed ogre hits you with a +0 giant club!!
Ouch! That really hurt!
The two-headed ogre hits you with a +0 giant club!!
You die...
Your body crumbles into a pile of gold.

#'### #.# #...#
###.# #:#...#
#...#
#:#._.########
#.###
#:#...#......#
#.#
###...######.#
#.# ##### #.#
##.####### #.#
#.####.........
#.#
#..>)@(.......#
#.#
#.####O.###...#
#.# #.# #..#
.## #.#######.#
#..# .#
####.........#
#..####.#####.
...).....#####
#....O........
########.#
#.#####.#####.
########.# #.#
#.# .........#
#.# #.#


You could see a two-headed ogre.

Vanquished Creatures
  Grinder (D:6)
  Sigmund (D:6)
  Menkaure (D:7)
  A water moccasin (D:5)
  Duvessa (D:6)
  2 ice beasts
  An orc warrior (D:7)
  An ogre (D:7)
  2 centaurs
  A phantom (D:7)
  2 kobold brigands
  2 bullfrogs
  A necrophage (D:7)
  3 scorpions
  Dowan (D:6)
  3 hounds
  2 jellies (D:6)
  2 orc priests
  Jessica (D:2)
  Natasha (thrice) (D:2)
  Terence (D:2)
  7 iguanas
  4 orc wizards
  A scorpion zombie (D:3)
  8 gnolls
  3 adders (D:5)
  A shadow imp (D:5)
  7 white imps
  An ufetubus (D:7)
  An adder skeleton (D:3)
  A worm (D:2)
  A dart slug (D:1)
  21 orcs
  7 endoplasms
  3 giant cockroaches
  10 goblins
  9 hobgoblins
  3 jackals (D:2)
  4 quokkas
  7 ball pythons
  2 ball python skeletons (D:3)
  6 bats
  5 frilled lizards
  A giant cockroach zombie (D:3)
  14 kobolds
  3 rats
163 creatures vanquished.

Vanquished Creatures (others)
  4 fulminant prisms
  A plant (D:3)
  A withered plant (D:3)
6 creatures vanquished.

Grand Total: 169 creatures vanquished

Notes
Turn   | Place    | Note
-------+----------+-------------------------------------------
     0 | D:1      | Zeld the Demonspawn Conjurer began the quest for the Orb.
     0 | D:1      | Reached XP level 1. HP: 13/13 MP: 3/3
   471 | D:1      | Gained mutation: You are partially covered in yellow
                  | scales. (AC +2) [demonic ancestry]
   471 | D:1      | Reached XP level 2. HP: 17/19 MP: 0/5
   767 | D:1      | Learned a level 2 spell: Searing Ray
  1132 | D:1      | Found Qaob's Weapon Shoppe.
  1170 | D:1      | Reached XP level 3. HP: 19/24 MP: 6/6
  1237 | D:1      | Found a faded altar of an unknown god.
  1515 | D:2      | Noticed Natasha
  1522 | D:2      | Killed Natasha
  1743 | D:2      | Found a shimmering blue altar of Sif Muna.
  2066 | D:2      | Noticed Natasha
  2067 | D:2      | Reached XP level 4. HP: 30/30 MP: 6/8
  2084 | D:2      | Killed Natasha
  2152 | D:2      | Noticed Natasha
  2169 | D:2      | Killed Natasha
  2788 | D:2      | Gained mutation: You are mostly covered in yellow scales.
                  | (AC +3) [demonic ancestry]
  2788 | D:2      | Reached XP level 5. HP: 35/35 MP: 7/10
  3048 | D:2      | Noticed Jessica
  3051 | D:2      | Killed Jessica
  3260 | D:2      | Noticed Terence
  3267 | D:2      | Killed Terence
  4581 | D:4      | Found a transporter.
  4581 | D:4      | Noticed Rangus's ghost (amateur OpWn)
  4582 | D:4      | Noticed a hornet
  4592 | D:4      | Reached XP level 6. HP: 41/41 MP: 5/12
  4641 | D:4      | Found a transporter.
  4761 | D:4      | Reached skill level 5 in Conjurations
  5358 | D:4      | Found a staircase to the Ecumenical Temple.
  5381 | Temple   | Entered the Ecumenical Temple
  5825 | D:5      | Entered Level 5 of the Dungeon
  5830 | D:5      | Gained mutation: You are partially covered in sharp spines.
                  | [demonic ancestry]
  5830 | D:5      | Reached XP level 7. HP: 44/46 MP: 8/14
  5966 | D:4      | Learned a level 4 spell: Fulminant Prism
  5971 | D:4      | Learned a level 4 spell: Iskenderun's Mystic Blast
  6091 | D:5      | Reached skill level 5 in Spellcasting
  6646 | D:5      | Gained mutation: You have sharp fingernails. [demonic
                  | ancestry]
  6646 | D:5      | Reached XP level 8. HP: 42/52 MP: 16/16
  6964 | D:5      | Found Fuysid's Antique Weapon Boutique.
  7872 | D:6      | Noticed Duvessa
  7876 | D:6      | Noticed Dowan
  7905 | D:6      | Killed Duvessa
  8005 | D:6      | Killed Dowan
  8176 | D:6      | Found a shadowy altar of Dithmenos.
  8188 | D:6      | Found a snail-covered altar of Cheibriados.
  8346 | D:6      | Noticed Grinder
  8926 | D:6      | Noticed Sigmund
  8938 | D:6      | Killed Sigmund
  8939 | D:6      | Reached skill level 5 in Stealth
  9302 | D:6      | Found an opulent altar of Gozag.
  9580 | D:6      | Became a worshipper of Gozag Ym Sagoz the Greedy
  9653 | D:7      | Reached skill level 5 in Dodging
  9956 | D:7      | HP: 2/52 [orc warrior/+0 glaive (6)]
 10276 | D:7      | Noticed Menkaure
 10279 | D:7      | Killed Menkaure
 10280 | D:7      | Reached XP level 9. HP: 57/57 MP: 19/19
 10803 | D:7      | Found a shimmering blue altar of Sif Muna.
 11425 | D:7      | Noticed a two-headed ogre
 11802 | D:6      | Paralysed by Grinder for 4 turns
 11819 | D:6      | Killed Grinder
 12001 | D:6      | Found a shadowy altar of Dithmenos.
 12191 | D:6      | Found a snail-covered altar of Cheibriados.
 12317 | D:6      | Found an opulent altar of Gozag.
 12916 | D:7      | Slain by a two-headed ogre

Illustrated notes

Levels and vault maps discovered:
D:1:      dpeg_arrival_arbitrary_a, layout_loops_ring,
          ebering_ecumenical_altar_mist, serial_shops,
          nicolae_shop_advertising_works [nicolae_subvault_shop_adworks],
          hangedman_abyss_or_decor_stabs, hangedman_feature_mirror
D:2:      layout_loops_corners, serial_forest, infiniplex_forest_clump_tiny,
          infiniplex_forest_end_1, infiniplex_forest_straight_2,
          infiniplex_forest_split, infiniplex_forest_corner_1,
          infiniplex_forest_straight_2, infiniplex_forest_clump_medium,
          infiniplex_forest_lined_room_, infiniplex_forest_clump_double,
          basic_altar, minmay_pentomino_pile, uniq_natasha, uniq_terence,
          uniq_jessica
D:3:      layout_basic, lemuel_doored_altar, serial_undead, serial_undead_c,
          serial_undead_c, serial_undead_d, serial_undead_f, serial_undead_e,
          serial_undead_f, kennysheep_boxes
D:4:      layout_basic, minmay_temple_entry_mini_moons, gammafunk_ghost_arena
D:5:      layout_rooms, serial_shops, shop_fountains, mrwooster_statue_mirror
D:6:      layout_layer_cave, grunt_gozag_breadcrumbs,
          mainiacjoe_overflow_divided_tiny, hellmonk_bongcloud_opening,
          uniq_duvessa, uniq_grinder, uniq_sigmund
D:7:      layout_loops_ring, nicolae_sif_muna_little_library, uniq_menkaure
Temple:   compressed_dpeg_circular_temple

Skill      XL: |  1  2  3  4  5  6  7  8  9 |
---------------+----------------------------+-----
Dodging        | 2 3 4 5 |  5.5
Stealth        | 2 3 4 5 6 |  6.0
Spellcasting   | 3 4 5 7 |  7.8
Conjurations   | 5 6 7 |  7.0

Action                   |  1- 3 |  4- 6 |  7- 9 || total
-------------------------+-------+-------+-------++-------
Melee: Unarmed           |    26 |       |       ||    26
       Dagger            |    30 |    39 |   141 ||   210
       Punch             |       |       |     2 ||     2
 Cast: Magic Dart        |    48 |    66 |    18 ||   132
       Searing Ray       |     1 |    18 |    30 ||    49
       Fulminant Prism   |       |       |     4 ||     4
       Iskenderun's Myst |       |       |     6 ||     6
  Use: Potion            |     1 |       |       ||     1
 Stab: Sleeping          |       |     1 |     2 ||     3
Armor: Robe              |    23 |    35 |    52 ||   110
Dodge: Dodged            |    40 |    49 |   112 ||   201
